 Dungeon Crawl Stone Soup version 0.29.1-12-g30fa7ad0bf (webtiles) character file.

Game seed: 9537157226130292036

179 safid the Shooter (level 5, -3/48 HPs)
             Began as a Minotaur Hunter on Dec 14, 2022.
             Slain by Blork the orc
             ... wielding a +0 dire flail
              (7 damage)
             ... on level 4 of the Dungeon.
             The game lasted 00:05:37 (3457 turns).

safid the Shooter (Minotaur Hunter)                 Turns: 3457, Time: 00:05:38

Health: -3/48      AC:  7    Str: 15    XL:     5   Next: 33%
Magic:  4/4        EV: 10    Int:  6    God:
Gold:   252        SH:  0    Dex: 16    Spells: 4/4 levels left

rFire   . . .      SeeInvis .   a - +0 shortbow
rCold   . . .      Faith    .   (shield currently unavailable)
rNeg    . . .      Spirit   .   n - +0 scale mail
rPois   +          Reflect  .   (helmet restricted)
rElec   .          Harm     .   (no cloak)
rCorr   .          Rampage  .   t - +0 pair of gloves
Will    +....                   (no boots)
Stlth   ..........              (no amulet)
HPRegen 0.16/turn               q - ring of willpower
MPRegen 0.09/turn               s - ring of poison resistance

@: no status effects
A: horns 2, retaliatory headbutt
a: no special abilities


You were on level 4 of the Dungeon.
You visited 2 branches of the dungeon, and saw 5 of its levels.

You collected 252 gold pieces.

Inventory:

Hand Weapons
 a - a +0 shortbow (weapon)
Armour
 n - a +0 scale mail (worn)
 t - a +0 pair of gloves (worn)
Jewellery
 q - a ring of willpower (left hand)
 s - a ring of poison resistance (right hand)
Scrolls
 b - a scroll of poison {unknown}
 c - a scroll of magic mapping {unknown}
 e - 2 scrolls of identify {unknown}
 f - 2 scrolls of torment {unknown}
 h - a scroll of enchant armour {unknown}
 j - 2 scrolls of teleportation {unknown}
 l - a scroll of vulnerability {unknown}
 m - a scroll of summoning {unknown}
 o - 2 scrolls of fear {unknown}
 p - a scroll of noise {unknown}
Potions
 d - a potion of flight {unknown}
 g - 2 potions of invisibility {unknown}
 i - a potion of haste {unknown}
 k - 5 potions of curing {unknown}
 r - 2 potions of magic {unknown}


   Skills:
 + Level 5.0 Fighting
 + Level 6.0 Ranged Weapons
 - Level 2.2 Dodging
 - Level 0.8 Stealth


You had 4 spell levels left.
You didn't know any spells.
Your spell library contained the following spells:

 Spells                   Type           Power      Damage    Failure   Level
 Cause Fear               Hex            0%         N/A       100%        4
 Dragon Form              Tmut           0%         N/A       100%        7
 Dragon's Call            Summ           0%         N/A       100%        9


Dungeon Overview and Level Annotations

Branches:
Dungeon (4/15)             Temple (1/1) D:4

Altars:
Cheibriados
Dithmenos
Elyvilon
Gozag
Kikubaaqudgha
Makhleb
Nemelex Xobeh
Qazlal
Sif Muna
Trog
Uskayaw
Wu Jian
Xom
Yredelemnul
Zin
The Shining One

Annotations:
D:4 Blork the orc


Innate Abilities, Weirdness & Mutations

You have a pair of horns on your head.
You reflexively headbutt those who attack you in melee.


Message History

Blork the orc hits you with a +0 dire flail. x2
Unknown command.
Fire: a) +0 shortbow
Press: ? - help, Q - select action Shift-Dir - straight line, f/p - Blork the orc
Aim: Blork the orc, wielding a +0 dire flail and wearing a +0 robe (heavily wounded, 69% to hit)
You shoot an arrow. The arrow hits Blork the orc!
Blork the orc is severely wounded.
Blork the orc looks braver for a moment.
Fire: a) +0 shortbow
Press: ? - help, Q - select action Shift-Dir - straight line, f/p - Blork the orc
Aim: Blork the orc, wielding a +0 dire flail and wearing a +0 robe (severely wounded, 69% to hit)
You shoot an arrow. The arrow hits Blork the orc.
Blork the orc is severely wounded.
Blork the orc barely misses you. You furiously retaliate!
You headbutt Blork the orc.
Blork the orc hits you with a +0 dire flail.
* * * LOW HITPOINT WARNING * * *
Unknown command.
Fire: a) +0 shortbow
Press: ? - help, Q - select action Shift-Dir - straight line, f/p - Blork the orc
Aim: Blork the orc, wielding a +0 dire flail and wearing a +0 robe (almost dead, 69% to hit)
You shoot an arrow. The arrow barely misses Blork the orc.
Blork the orc hits you but does no damage.
Fire: a) +0 shortbow
Press: ? - help, Q - select action Shift-Dir - straight line, f/p - Blork the orc
Aim: Blork the orc, wielding a +0 dire flail and wearing a +0 robe (almost dead, 69% to hit)
You shoot an arrow.
The arrow hits Blork the orc but does no damage.
Blork the orc is almost dead.
Blork the orc hits you with a +0 dire flail.
* * * LOW HITPOINT WARNING * * *
Blork the orc casts a spell at you. The puff of frost hits you.
* * * LOW HITPOINT WARNING * * *
Fire: a) +0 shortbow
Press: ? - help, Q - select action Shift-Dir - straight line, f/p - Blork the orc
Aim: Blork the orc, wielding a +0 dire flail and wearing a +0 robe (almost dead, 69% to hit)
You shoot an arrow. The arrow barely misses Blork the orc.
Blork the orc hits you with a +0 dire flail!
You die...

#.##.##...............#
#.##...................
##.##.......#.#.......#.
#.............#......###
##.#####<.........#.####
#.# ######...........
#.# #######....##..#..
### #.................
#@######.##....... #o#
#............ #.#
#......###... #.#
##......# ...
..###......## ...
...##........# ...
..$.##..#####.## ..
........ #..## .?....#
##..###


You could see Blork the orc.

Vanquished Creatures
  A hound (D:4)
  7 adders
  A dart slug (D:3)
  3 worms
  2 orcs
  5 bats
  12 endoplasms
  5 giant cockroaches
  10 goblins
  5 hobgoblins
  3 jackals (D:2)
  4 kobolds
  3 quokkas
  A ball python (D:2)
  3 frilled lizards
  6 rats
71 creatures vanquished.

Vanquished Creatures (others)
  A plant (D:3)
1 creature vanquished.

Grand Total: 72 creatures vanquished

Notes
Turn   | Place    | Note
-------+----------+-------------------------------------------
     0 | D:1      | safid the Minotaur Hunter began the quest for the Orb.
     0 | D:1      | Reached XP level 1. HP: 18/18 MP: 0/0
   307 | D:1      | Reached XP level 2. HP: 24/25 MP: 1/1
   929 | D:2      | Reached XP level 3. HP: 31/31 MP: 2/2
   930 | D:2      | Reached skill level 5 in Ranged Weapons
  1549 | D:2      | You fall into a shaft and drop 2 floors!
  1652 | D:4      | Found a staircase to the Ecumenical Temple.
  1657 | Temple   | Entered the Ecumenical Temple
  1939 | D:4      | Reached XP level 4. HP: 32/40 MP: 3/3
  2485 | D:3      | Found a faded altar of an unknown god.
  2606 | D:3      | Found a glowing golden altar of the Shining One.
  3060 | D:4      | Reached XP level 5. HP: 33/47 MP: 4/4
  3268 | D:4      | Reached skill level 5 in Fighting
  3271 | D:4      | Reached skill level 6 in Ranged Weapons
  3440 | D:4      | Noticed Blork the orc
  3457 | D:4      | Slain by Blork the orc

Illustrated notes

Levels and vault maps discovered:
D:1:      dpeg_arrival_prison, layout_basic
D:2:      layout_basic, minmay_liquid_box
D:3:      layout_basic, mainiacjoe_overflow_catwalk,
          hellmonk_ecumenical_altar_run_dry, serial_bayou_pond_b
D:4:      layout_rooms, temple_doors_e, nicolae_elevator_lobby_plus,
          uniq_blork_the_orc
Temple:   regret_index_temple_generic_petals

Skill      XL: |  1  2  3  4  5 |
---------------+----------------+-----
Fighting       | 3 4 5 |  5.0
Ranged Weapons | 5 6 |  6.0
Dodging        | |  2.2
Stealth        | |  0.8

Action                   |  1- 3 |  4- 6 || total
-------------------------+-------+-------++-------
 Fire: Shortbow          |   114 |   111 ||   225
Armor: Leather armour    |     9 |     9 ||    18
       Scale mail        |       |     9 ||     9
Dodge: Dodged            |    23 |    30 ||    53
